[Event "Live Chess"]
[Site "Chess.com"]
[Date "2023.05.21"]
[Round "-"]
[White "Driftboard"]
[Black "Mugzwang"]
[Result "0-1"]
[WhiteElo "861"]
[BlackElo "1566"]
[TimeControl "300"]
[EndTime "3:44:08 PDT"]
[Termination "Mugzwang won on time"]

1. e4 e6 2. Nf3 d5 3. exd5 exd5 4. Nc3 Nf6 5. Qe2+ Qe7 6. Qxe7+ Bxe7 7. Be2 O-O 8. d3 c5 9. Bg5 Be6 10. Bxf6 Bxf6 11.
O-O a6 12. h3 b5 13. Rad1 Nc6 14. a4 b4 15. Na2 Bxb2 16. Rb1 Bf6 17. Rfc1 d4 18. Ne1 Bxa2 19. Ra1 Bd5 20. c4 bxc3 21. Bf3 Bxf3 22. Nxf3 Nb4 23. Ne1 a5 24. g3 Rab8 25.
Kg2 h6 26. Kf3 Rb7 27. Ke4 Re8+ 28. Kf3 Reb8 29. h4 Nd5 30. g4 Rb2 31. Kg3 Re8 32.
f4 Re3+ 33. Nf3 Rxd3 34. g5 hxg5 35. hxg5 Be7 36. Kg4 g6 37. Ne5 Rg2+ 38. Kh4 Rdd2 39. Nf3 Rde2 40. Re1 Nxf4 41. Rxe2 Rxe2 42. Rh1 Re4 43.
Ne1 Nd3+ 44. Kh3 Rxe1 45. Rxe1 Nxe1 46. Kg3 c2 47. Kh3 c1=Q 48. Kh2 Qf4+ 49. Kh3 Qf3+ 0-1

[Event "Live Chess"]
[Site "Chess.com"]
[Date "2023.05.21"]
[Round "-"]
[White "WombatIn_A_Box"]
[Black "JoshMcK"]
[Result "0-1"]
[WhiteElo "570"]
[BlackElo "1512"]
[TimeControl "300"]
[EndTime "3:44:12 PDT"]
[Termination "JoshMcK won by checkmate"]

1. e4 e5 2. Nc3 Bc5 3. Nf3 Nc6 4. d4 exd4 5. Nd5 Nf6 6. Nxf6+ Qxf6 7. Bg5 Qg6 8. c3 Qxe4+ 9. Be2 d3 10. Qxd3 Qxd3 11.
Bxd3 O-O 12. Be3 Bxe3 13. fxe3 Re8 14. O-O-O Ne5 15. Nxe5 Rxe5 16. Rhe1 d6 17. g3 Bg4 18.
Rd2 Rae8 19. e4 Bf3 20. Rf2 Bxe4 21. Bxe4 Rxe4 22. Rxe4 Rxe4 23. Rd2 f6 24. b4 Kf7 25. Rd4 Rxd4 26. cxd4 Ke6 27. Kc2 Kd5 28. Kc3 g5 29. a4 f5 30. b5 b6 31. h4 gxh4 32. gxh4 Ke4 33. Kc4 h5 34. a5 f4 35. axb6 axb6 36. d5 f3 37. Kb4 f2 38. Kc3 f1=Q 39. Kb4 Qc1 40. Kb3 Kd3 41. Ka4 Qb1 42. Ka3 Kc3 43. Ka4 Qa1# 0-1

[Event "Live Chess"]
[Site "Chess.com"]
[Date "2023.05.21"]
[Round "-"]
[White "MJMykh"]
[Black "mammamiatwo"]
[Result "0-1"]
[WhiteElo "1151"]
[BlackElo "1379"]
[TimeControl "300"]
[EndTime "3:44:15 PDT"]
[Termination "mammamiatwo won by checkmate"]

1. e4 e5 2. Nf3 Qf6 3. Nc3 c6 4.
Bc4 h6 5. d3 Bc5 6. O-O d6 7.
Na4 Bd4 8. Nxd4 exd4 9. c3 b5 10. b3 dxc3 11. Bxb5 cxb5 12. b4 bxa4 13. Qxa4+ Bd7 14.
Qb3 c2 15. Bb2 Qg6 16. Qxc2 Nf6 17. h3 Bxh3 18. g3 Bxf1 19. Rxf1 O-O 20. Bxf6 Qxf6 21.
Qc4 Nd7 22. b5 Ne5 23. Qd5 Nf3+ 24. Kg2 Ng5 25. d4 Qf3+ 26. Kg1 Nh3+ 27. Kh2 Ng5 28. Kg1 Qg4 29. e5 Qh3 30. exd6 Rfd8 31. d7 Rxd7 32.
Qxa8+ Kh7 33. Qc6 Rc7 34. Qh1 Qg4 35. Qd5 Rd7 36. Qc5 Qh3 37. f4 Ne4 38. Qc2 Qxg3+ 39.
Kh1 f5 40. Qg2 Qxg2+ 41. Kxg2 Rxd4 42. Rb1 Rd2+ 43. Kf3 Rxa2 44. b6 axb6 45. Rxb6 Nc3 46. Rc6 Ra3 47. Kf2 Ne4+ 48. Ke2 h5 49. Kd1 h4 50. Ke1 h3 51. Kf1 h2 52. Kg2 Ra2+ 53. Kh1 Ng3# 0-1

[Event "Live Chess"]
[Site "Chess.com"]
[Date "2023.05.21"]
[Round "-"]
[White "Dhaydon19"]
[Black "ItsNot_Jasper"]
[Result "1-0"]
[WhiteElo "2697"]
[BlackElo "1375"]
[TimeControl "300"]
[EndTime "3:44:22 PDT"]
[Termination "Dhaydon19 won by resignation"]

1. e4 c6 2. Nf3 d5 3. Nc3 Bg4 4. d3 dxe4 5. Nxe4 Nf6 6. Ng3 e6 7.
Be2 Nbd7 8. O-O Be7 9. Bf4 Qb6 10.
Qc1 O-O 11. c3 Nh5 12. Be3 Nxg3 13. hxg3 1-0

[Event "Live Chess"]
[Site "Chess.com"]
[Date "2023.05.21"]
[Round "-"]
[White "Tiltador"]
[Black "NatashaRegan"]
[Result "0-1"]
[WhiteElo "864"]
[BlackElo "1726"]
[TimeControl "300"]
[EndTime "3:44:25 PDT"]
[Termination "NatashaRegan won by resignation"]

1. e4 Nf6 2. d3 e5 3. Nf3 Nc6 4. g3 d5 5. exd5 Nxd5 6. Bg2 Bg4 7. O-O Qf6 8. Bg5 Bxf3 9. Qxf3 Qxf3 10. Bxf3 Ndb4 11. Nc3 Nxc2 12. Bxc6+ bxc6 13. Rab1 Nd4 14.
Ne4 f5 15. Nc3 Nf3+ 16. Kg2 Nxg5 17. a3 Bc5 18. b4 Bd4 19. Ne2 O-O-O 20. Nxd4 Rxd4 21. Rfe1 Rd5 22. Rbd1 Rhd8 23. f4 exf4 24. gxf4 Nf7 25. Re7 R8d7 26. Re8+ Kb7 27. a4 Rxd3 28. Rxd3 Rxd3 29. b5 cxb5 30. axb5 Rd7 31. h4 Nd6 32. Re5 g6 33. Kf3 Ne4 34. Re6 Rd3+ 35. Ke2 Rd2+ 36. Ke1 Rh2 37. Re7 Rxh4 38. Ke2 Rxf4 39. Ke3 Rh4 40. Rg7 Nd6 41. b6 axb6 42. Kf3 b5 43.
Kg3 Rg4+ 44. Kh3 h5 45. Rd7 f4 46. Rd8 f3 47. Rf8 Nf5 48. Kh2 f2 0-1

[Event "Live Chess"]
[Site "Chess.com"]
[Date "2023.05.21"]
[Round "-"]
[White "sanjesh_ananda"]
[Black "f4nomore"]
[Result "0-1"]
[WhiteElo "1213"]
[BlackElo "1416"]
[TimeControl "300"]
[EndTime "3:44:30 PDT"]
[Termination "f4nomore won on time"]

1. e4 g6 2. d4 Bg7 3. e5 d6 4.
Nf3 Nc6 5. Bb5 Bd7 6. Bxc6 Bxc6 7. exd6 cxd6 8. O-O e6 9. Bg5 Ne7 10. c4 O-O 11. d5 exd5 12. cxd5 Bb5 13. Re1 f6 14. Bf4 Nf5 15. Nc3 Ba6 16. Ne4 Qb6 17. b3 Rad8 18. Rc1 g5 19. Bg3 Nxg3 20. hxg3 h6 21. Nfd2 f5 22.
Nc3 Qb4 23. Ncb1 Qd4 24. Rc7 f4 25. Ree7 fxg3 26. Rxg7+ Qxg7 27. Rxg7+ Kxg7 28. fxg3 Rf7 29. Qc2 Rdf8 30. Qc3+ Kg6 31. Kh2 b6 32. Qc6 Rf6 33. Qa4 Bb7 34. Qe4+ Kg7 35. Nf3 Rf5 36. Qe7+ R8f7 0-1

[Event "Live Chess"]
[Site "Chess.com"]
[Date "2023.05.21"]
[Round "-"]
[White "Tushinskiy"]
[Black "McSlash1"]
[Result "1-0"]
[WhiteElo "2196"]
[BlackElo "2017"]
[TimeControl "300"]
[EndTime "3:44:33 PDT"]
[Termination "Tushinskiy won by resignation"]

1. d4 Nf6 2. c3 g6 3. Nf3 d5 4.
Bg5 Bg7 5. Nbd2 h6 6. Bh4 O-O 7. e3 c5 8. Bd3 c4 9. Bc2 Nc6 10. Qe2 Nh5 11. Bg3 Nxg3 12. hxg3 e5 13. dxe5 Bg4 14.
O-O-O Nxe5 15. Qf1 Nd3+ 16. Bxd3 cxd3 17. Qxd3 Bf5 18. Qb5 a6 19. Qb3 a5 20. Nd4 a4 21.
Qb4 Bd7 22. N2f3 Re8 23. Nc2 Bf8 24. Qxb7 Rb8 25. Qxd5 Qb6 26. Qxd7 Qxb2+ 27. Kd2 Red8 28. Qxd8 Rxd8+ 29. Nd4 Rc8 30. Ne2 Bg7 31. Nd4 Qxc3+ 32. Ke2 Qc4+ 33. Rd3 Qxa2 34. Rd2 Bxd4 35. Nxd4 Qc4+ 36.
Kf3 a3 37. Ra1 Ra8 38. Raa2 Qb4 39. g4 Kg7 40. Ke2 Re8 41. g3 Qa4 42. Rd3 Qd7 43.
Nf5+ 1-0

[Event "Live Chess"]
[Site "Chess.com"]
[Date "2023.05.21"]
[Round "-"]
[White "Brooms1989"]
[Black "lightningorderyt"]
[Result "1-0"]
[WhiteElo "1132"]
[BlackElo "517"]
[TimeControl "300"]
[EndTime "3:44:40 PDT"]
[Termination "Brooms1989 won on time"]

1. e4 e5 2. Nc3 Nf6 3. f4 d6 4.
fxe5 dxe5 5. Nf3 Qd6 6. d4 Bg4 7. dxe5 Qxd1+ 8. Nxd1 Nxe4 9. h3 Bh5 10. Bd3 Ng3 11.
Rg1 Bxf3 12. gxf3 Nh5 13. Be4 Bc5 14. Rg5 g6 15. Bxb7 h6 16. Rg2 Nf4 17. Bxf4 g5 18. Bh2 O-O 19. Bxa8 Nd7 20. Bd5 Nxe5 21. Bxe5 Re8 22.
Re2 Rxe5 23. Rxe5 g4 24. Bxf7+ Kxf7 25. Rxc5 gxh3 26. Rh5 1-0

[Event "Live Chess"]
[Site "Chess.com"]
[Date "2023.05.21"]
[Round "-"]
[White "SupremeTactician"]
[Black "wot-not"]
[Result "1/2-1/2"]
[WhiteElo "2208"]
[BlackElo "1578"]
[TimeControl "300"]
[EndTime "3:44:53 PDT"]
[Termination "Game drawn by agreement"]

1. e4 e6 2. d4 d5 3. Nd2 Nc6 4. c3 e5 5. Ngf3 exd4 6. cxd4 dxe4 7. Nxe4 Nf6 8. Nxf6+ Qxf6 9. Be3 Bb4+ 10. Bd2 Bxd2+ 11. Qxd2 O-O 12. Be2 Bg4 13. O-O Bxf3 14. Bxf3 Qxd4 15. Qxd4 Nxd4 16. Bxb7 Rab8 17. Bd5 Rxb2 18. Rfd1 Ne2+ 19. Kf1 Nc3 20. Rd3 Nxd5 21. Rxd5 1/2-1/2

[Event "Live Chess"]
[Site "Chess.com"]
[Date "2023.05.21"]
[Round "-"]
[White "seasidecastle27"]
[Black "Davidagye"]
[Result "0-1"]
[WhiteElo "1859"]
[BlackElo "1684"]
[TimeControl "300"]
[EndTime "3:45:05 PDT"]
[Termination "Davidagye won on time"]

1. d4 Nf6 2. Nf3 e6 3. Bg5 c5 4. e3 Nc6 5. Nbd2 d5 6. c3 Bd6 7.
Bd3 h6 8. Bh4 O-O 9. Qe2 Re8 10.
e4 dxe4 11. Nxe4 Be7 12. Nxc5 Bxc5 13. dxc5 e5 14. O-O-O Bg4 15. Bxf6 Qxf6 16. Qe4 Bxf3 17. gxf3 g6 18. h4 Rad8 19. h5 Kh7 20. hxg6+ fxg6 21. Rdg1 Re6 22. Bc4 Re7 23. Rg4 Rf8 24. Rgh4 Qg5+ 25. Kc2 Rd7 26. Rxh6+ Qxh6 27. Rxh6+ Kxh6 28. Bd3 Ne7 29. b4 Rf4 30. Qxe5 Rxf3 31. Qh2+ Kg7 32. Qg2 Rfxd3 33.
Qg5 Nf5 34. Qf4 Rd1 35. Qe5+ Kf7 36. Qh8 R1d2+ 37. Kb3 Rxf2 38. Qh7+ Ng7 39. Qh4 Rdd2 40. Qc4+ Ne6 41. Qe4 Rxa2 42. Qxb7+ Kf6 43. c6 g5 44. c7 Nxc7 45. Qxc7 g4 46. Qd6+ Kg5 47.
Qe5+ Kh4 48. Qh8+ Kg3 49. Qe5+ Kg2 50. Qe4+ Kg3 51. Qe5+ Kh3 52. Qh8+ Kg2 53. Qd4 g3 54. Qe4+ Kf1 55. Qb1+ Kg2 56. Qe4+ Kh3 57. Qh7+ Kg4 58. Qg6+ Kf4 59. Qf6+ Ke4 60. Qe6+ Kd3 61. Qd6+ Ke4 62. Qxg3 Rfb2+ 63. Kc4 Rg2 64. Qd3+ Ke5 65. Qd5+ Kf6 0-1

[Event "Live Chess"]
[Site "Chess.com"]
[Date "2023.05.21"]
[Round "-"]
[White "Singapourfeuj"]
[Black "OleksiyJr1"]
[Result "1-0"]
[WhiteElo "2183"]
[BlackElo "977"]
[TimeControl "300"]
[EndTime "3:45:13 PDT"]
[Termination "Singapourfeuj won by resignation"]

1. d4 Nf6 2. Nf3 g6 3. Nc3 Bg7 4. e4 d6 5. a4 O-O 6. Be2 e5 7.
O-O Nc6 8. d5 Ne7 9. h3 Bd7 10. a5 a6 11. Be3 c6 12. Bb6 Qc8 13.
dxc6 Nxc6 14. Qxd6 Nb4 1-0

[Event "Live Chess"]
[Site "Chess.com"]
[Date "2023.05.21"]
[Round "-"]
[White "LiamClery2020"]
[Black "AttackingSnowLeopard"]
[Result "1-0"]
[WhiteElo "2006"]
[BlackElo "2156"]
[TimeControl "300"]
[EndTime "3:45:14 PDT"]
[Termination "LiamClery2020 won by resignation"]

1. e4 e5 2. Nc3 Nf6 3. f4 d5 4. fxe5 Nxe4 5. Qf3 Nxc3 6. bxc3 Be6 7. d4 c5 8. Bb5+ Nc6 9. Qg3 Qa5 10. Bxc6+ bxc6 11. Ne2 cxd4 12. Nxd4 Qc7 13. O-O Qd7 14. Be3 c5 15.
Nxe6 Qxe6 16. Rab1 g6 17. Rb7 Be7 18. Bg5 Bxg5 19.
Qxg5 O-O 20. Rf6 Qc8 21. Re7 Rb8 22. e6 fxe6 23. Rxg6+ Kh8 24. Qe5+ 1-0

[Event "Live Chess"]
[Site "Chess.com"]
[Date "2023.05.21"]
[Round "-"]
[White "lateforthesky"]
[Black "domrobson"]
[Result "1-0"]
[WhiteElo "2121"]
[BlackElo "1714"]
[TimeControl "300"]
[EndTime "3:45:45 PDT"]
[Termination "lateforthesky won by resignation"]

1. e4 e5 2. Nf3 Nf6 3. d4 Nxe4 4. dxe5 d5 5. Bd3 Nc6 6. Nbd2 Bg4 7. h3 Bxf3 8. Nxf3 Qe7 9. O-O O-O-O 10. Re1 Nxe5 11.
Nxe5 Qxe5 12. Qe2 Bc5 13. Be3 Bxe3 14. Qxe3 Qxb2 15. Qxa7 Qb6 16. Qa8+ Kd7 17. Qa4+ Qc6 18. Qd4 Qf6 19. Qa4+ Qc6 20. Qb4 f5 21. Bb5 1-0

[Event "Live Chess"]
[Site "Chess.com"]
[Date "2023.05.21"]
[Round "-"]
[White "Abde2012"]
[Black "Woodpusher500"]
[Result "1-0"]
[WhiteElo "752"]
[BlackElo "1031"]
[TimeControl "300"]
[EndTime "3:46:14 PDT"]
[Termination "Abde2012 won by resignation"]

1. d4 c5 2. dxc5 e6 3. b4 a5 4. bxa5 Qxa5+ 5. Bd2 Qxc5 6. e3 g6 7. Bc3 f6 8. Qd2 Nc6 9. Bd3 Bg7 10. Bd4 Qg5 11.
g3 Nge7 12. Bc3 O-O 13. f4 Qg4 14. Be2 Qf5 15. h3 Qd5 16. Bf3 Qxd2+ 17. Bxd2 f5 18. Bc3 Ra3 19. Bxg7 Kxg7 20. Nxa3 b6 21. Nb5 Bb7 22.
Nd6 Ra8 23. Nxb7 Ra3 24. Kf2 Nd4 25. exd4 Rc3 26. Rc1 Rc7 27. Nd8 Rc8 28. Nb7 Rc7 29.
Nd6 Rc6 30. Bxc6 dxc6 31. Ne8+ Kf7 32. Nc7 Nd5 33. Nxd5 exd5 34. c3 Kf6 35. c4 1-0

[Event "Live Chess"]
[Site "Chess.com"]
[Date "2023.05.21"]
[Round "-"]
[White "enoughtell"]
[Black "KeithArkell"]
[Result "0-1"]
[WhiteElo "1107"]
[BlackElo "2500"]
[TimeControl "300"]
[EndTime "3:46:15 PDT"]
[Termination "KeithArkell won by checkmate"]

1. e4 c6 2. Nf3 d5 3. exd5 cxd5 4.
d4 Nf6 5. c3 Nc6 6. Bg5 Ne4 7.
Bd3 Bg4 8. Nbd2 Nxg5 9. h3 Nxf3+ 10.
Nxf3 Bxf3 11. Qxf3 g6 12. O-O Bg7 13. Rae1 O-O 14. Qg3 e6 15. f4 Ne7 16. Re3 b5 17.
Qg4 b4 18. Rg3 bxc3 19. bxc3 Rc8 20. f5 Nxf5 21. Bxf5 exf5 22. Rxf5 Rxc3 23. Rg5 Rxg3 24. Qxg3 Bxd4+ 25. Kh1 Qf6 26. h4 Rc8 27. h5 Rc1+ 28.
Kh2 Bg1+ 29. Kh3 Rc3 30. Rf5 Rxg3+ 31. Kxg3 Qxf5 32. hxg6 Bf2+ 33. Kh2 Qh5# 0-1

[Event "Live Chess"]
[Site "Chess.com"]
[Date "2023.05.21"]
[Round "-"]
[White "TheSmoulderingMaster"]
[Black "EdenHazard8"]
[Result "0-1"]
[WhiteElo "1668"]
[BlackElo "1950"]
[TimeControl "300"]
[EndTime "3:46:18 PDT"]
[Termination "EdenHazard8 won by resignation"]

1. e4 c6 2. d4 d5 3. Nc3 dxe4 4. Nxe4 Nf6 5. Nxf6+ exf6 6. Nf3 Bd6 7. Bc4 O-O 8.
O-O Re8 9. Nh4 Nd7 10. Qh5 Qe7 11. Bd2 Nf8 12. Rfe1 Be6 13. Nf5 Qc7 14. Bxe6 Nxe6 15. Qg4 Bxh2+ 16. Kh1 g6 17. Nh6+ Kh8 18. Qh4 f5 19. Qf6+ Ng7 20. Nxf7+ Kg8 21. Nh6+ Kh8 22. Bc3 Rf8 23. Qh4 Bf4 24. Re7 g5 25. Rxc7 gxh4 26. d5 Bxc7 27. dxc6 bxc6 28. Rd1 Rad8 29. Rxd8 Bxd8 0-1

[Event "Live Chess"]
[Site "Chess.com"]
[Date "2023.05.21"]
[Round "-"]
[White "sup3rm0nk3y"]
[Black "gmnorfolk"]
[Result "0-1"]
[WhiteElo "1319"]
[BlackElo "2104"]
[TimeControl "300"]
[EndTime "3:46:19 PDT"]
[Termination "gmnorfolk won by resignation"]

1. b3 e5 2. Bb2 Nc6 3. e3 Nf6 4. f4 exf4 5. exf4 d5 6. Nf3 Bd6 7. g3 O-O 8. d3 Re8+ 9. Be2 Bh3 10. Nc3 Bg2 11. Rf1 Bxf1 12. Kxf1 Ng4 13. Kg1 Ne3 14. Qd2 d4 15. Ne4 f5 16. Neg5 h6 17. Nh3 Bb4 18.
c3 dxc3 19. Bxc3 Bxc3 20. Qxc3 Nd5 21. Qb2 Qf6 22. Qxf6 gxf6 23. Re1 Re3 24. Nd2 Rae8 25. Kf2 Nd4 26. Ng1 Nc3 27. Nc4 Rxe2+ 28. Nxe2 Rxe2+ 29. Rxe2 Ndxe2 30. a4 Nd4 31. Nd2 c5 32. Ke1 b6 33.
Kf2 Kf7 34. h3 h5 35. Ke3 Ke6 36. b4 Nd5+ 37. Kf2 cxb4 38. Nc4 b3 39. g4 fxg4 40.
hxg4 hxg4 0-1

[Event "Live Chess"]
[Site "Chess.com"]
[Date "2023.05.21"]
[Round "-"]
[White "Berdgross"]
[Black "CeladonFish"]
[Result "0-1"]
[WhiteElo "667"]
[BlackElo "1090"]
[TimeControl "300"]
[EndTime "3:47:00 PDT"]
[Termination "CeladonFish won by resignation"]

1. d4 Nf6 2. e4 Nxe4 3. Qe2 d5 4. f3 Nf6 5. Bg5 e6 6. Nc3 Bb4 7. a3 Bxc3+ 8. bxc3 c6 9. Nh3 h6 10. Bxf6 Qxf6 11. c4 Qh4+ 12. g3 Qxd4 13. cxd5 Qxa1+ 14. Kf2 Qd4+ 15. Kg2 cxd5 16. Nf4 e5 17. Nd3 Nc6 18. f4 Qe4+ 19. Qxe4 dxe4 20. Nxe5 Nxe5 21. fxe5 Bf5 22. Bb5+ Ke7 23. Rd1 Ke6 24. Bc4+ Kxe5 25. Bxf7 Rhf8 26.
Bd5 Rad8 0-1

[Event "Live Chess"]
[Site "Chess.com"]
[Date "2023.05.21"]
[Round "-"]
[White "Reggie016"]
[Black "Vitalii18a"]
[Result "0-1"]
[WhiteElo "1101"]
[BlackElo "1123"]
[TimeControl "300"]
[EndTime "3:47:05 PDT"]
[Termination "Vitalii18a won by resignation"]

1. e4 e5 2. Nc3 d6 3. f4 exf4 4. Nf3 Be7 5. d4 Bh4+ 6. Ke2 Bg5 7. e5 Bg4 8. h3 Bxf3+ 9. gxf3 dxe5 10. Ne4 exd4 11. Rg1 Bh6 12. c3 Nf6 13. Qa4+ Nc6 14.
Qc4 Qe7 15. Kd3 O-O-O 16. h4 Nxe4 17. Bh3+ Kb8 18. fxe4 dxc3+ 19. Kxc3 f3 20. Rf1 Ne5 0-1

[Event "Live Chess"]
[Site "Chess.com"]
[Date "2023.05.21"]
[Round "-"]
[White "Crowded_House"]
[Black "bedsdrout"]
[Result "1-0"]
[WhiteElo "1638"]
[BlackElo "571"]
[TimeControl "300"]
[EndTime "3:47:13 PDT"]
[Termination "Crowded_House won on time"]

1. d4 e5 2. dxe5 Nc6 3. Nf3 Qe7 4. c3 Qe6 5. Bf4 Nd4 6. Nxd4 Qa6 7. e3 Qa5 8. Nd2 d5 9. exd6 cxd6 10. N2b3 Qd5 11. Nf3 Nf6 12. Qxd5 Nxd5 13. Bg3 Bd7 14. Bc4 Bc6 15.
Bxd5 Bxd5 16. Nbd2 Bc6 17. O-O d5 18. Nd4 Rc8 19.
Nxc6 bxc6 20. Nf3 Bc5 21. Rad1 O-O 22. Be5 Rfe8 23. Bd4 a6 24. Bxc5 a5 25. Rfe1 1-0

[Event "Live Chess"]
[Site "Chess.com"]
[Date "2023.05.21"]
[Round "-"]
[White "chessfiction"]
[Black "smoggyrabbit"]
[Result "1-0"]
[WhiteElo "2321"]
[BlackElo "1704"]
[TimeControl "300"]
[EndTime "3:47:14 PDT"]
[Termination "chessfiction won on time"]

1. e4 e6 2. d4 d5 3. Nc3 Nf6 4. e5 Nfd7 5. Nce2 c5 6. c3 Nc6 7.
f4 Be7 8. Nf3 O-O 9. h4 b6 10.
g3 Bb7 11. Bh3 cxd4 12. cxd4 Rc8 13. a3 Na5 14. b3 Ba6 15. Bd2 Bxe2 16. Kxe2 Rc7 17.
Bxa5 bxa5 18. Qd3 Qc8 19. Ng5 Bxg5 20. hxg5 Rc3 21. Qb1 Qa6+ 22. Kd2 Rfc8 23. Bf1 Rc2+ 24. Qxc2 Rxc2+ 25. Kxc2 Qb6 26. Rd1 a4 27. b4 Qc6+ 28. Kb2 Nb6 29. Rc1 Nc4+ 30. Ka2 Qb7 31. Bd3 g6 32.
Rh2 a5 33. Bxc4 dxc4 34. Rxc4 Qf3 35. Rb2 axb4 36. Rcxb4 Qxg3 37. Rxa4 Qxf4 38. Rab4 Qxg5 39. a4 Qe3 40. a5 Qe4 41. Ka3 Qf3+ 42. Ka4 Qc6+ 43.
Kb3 Qf3+ 44. Ka2 Qd5+ 45. R2b3 Qg2+ 46. Ka3 Qh1 47. Rb8+ Kg7 48. Rb1 Qf3+ 49. R8b3 Qd5 50. Rb5 Qxd4 51. R1b3 Qe4 52. Rb2 1-0

[Event "Live Chess"]
[Site "Chess.com"]
[Date "2023.05.21"]
[Round "-"]
[White "Biranidun"]
[Black "Twickenham2014"]
[Result "1-0"]
[WhiteElo "2543"]
[BlackElo "2303"]
[TimeControl "300"]
[EndTime "3:47:19 PDT"]
[Termination "Biranidun won on time"]

1. e4 c5 2. Nf3 d6 3. d4 cxd4 4.
Nxd4 Nf6 5. Nc3 g6 6. Be3 Bg7 7. f3 O-O 8. Qd2 Nc6 9. Bc4 Bd7 10. O-O-O Rc8 11. Bb3 Nxd4 12. Bxd4 b5 13. Nd5 Nxd5 14. Bxg7 Kxg7 15. exd5 a5 16. a3 Kg8 17. h4 b4 18.
axb4 axb4 19. h5 Qa5 20. Qd4 Bf5 21. hxg6 Bxg6 22. Kd2 Rc5 23. Ke3 Rfc8 24. Qh4 Qa7 25. Rd4 Rxc2 26. Bxc2 Rxc2 27. Rd1 Rxb2 28. Kf4 Rxg2 29.
Rxb4 Kg7 30. Rh1 h5 31. Qe1 Qd7 32. Qa1+ Kh7 33. Ke3 Qf5 34. Rd1 Rg3 35. Rf4 Qg5 36.
Qd4 e5 37. dxe6 fxe6 38. Qf6 Qc5+ 39. Qd4 e5 40. Qxc5 exf4+ 41. Kxf4 dxc5 42. Kxg3 c4 43. Rd7+ Kh6 44. Rc7 Bd3 45. Kh4 Kg6 46. Rc5 Kh6 47.
Rc6+ Kg7 48. Kg5 Kf7 49. Kxh5 Ke7 50. Kg5 Kd7 51. Rc5 Be2 52. f4 Kd6 53. Rc8 Kd5 54.
f5 Kd4 55. f6 Bd3 56. f7 1-0

[Event "Live Chess"]
[Site "Chess.com"]
[Date "2023.05.21"]
[Round "-"]
[White "WilliWeisswurst"]
[Black "Keithdfg"]
[Result "0-1"]
[WhiteElo "1779"]
[BlackElo "1876"]
[TimeControl "300"]
[EndTime "3:47:24 PDT"]
[Termination "Keithdfg won by resignation"]

1. e4 d6 2. Nf3 Nf6 3. Bd3 e5 4. c3 Be7 5. Bc2 O-O 6. O-O c6 7. h3 Nbd7 8. Re1 Re8 9. d4 Bf8 10.
Nbd2 Qc7 11. Nf1 g6 12. Ng3 Bg7 13. Nh2 b5 14. a3 a6 15. h4 Bb7 16. h5 exd4 17.
cxd4 c5 18. d5 c4 19. hxg6 hxg6 20. Ng4 Nxg4 21. Qxg4 c3 22. Bd3 cxb2 23. Bxb2 Bxb2 24. Ra2 Bd4 25. Nf5 Bxd5 26. Rc2 Qb6 27. Rec1 Be6 28. Qg3 Ne5 29. Nh6+ Kg7 30. Qh4 Rh8 0-1

[Event "Live Chess"]
[Site "Chess.com"]
[Date "2023.05.21"]
[Round "-"]
[White "Outspanner"]
[Black "HoarseyHorsey"]
[Result "0-1"]
[WhiteElo "1425"]
[BlackElo "1461"]
[TimeControl "300"]
[EndTime "3:47:35 PDT"]
[Termination "HoarseyHorsey won on time"]

1. d4 Nf6 2. Bg5 d5 3. Bxf6 exf6 4.
e3 Bd6 5. c4 c6 6. Nc3 Be6 7. cxd5 cxd5 8. Bd3 Nd7 9. Nge2 Rc8 10. O-O a6 11. a4 O-O 12. g3 Bh3 13. Re1 Re8 14. Nf4 Bxf4 15. gxf4 Nf8 16. Qh5 g6 17.
Qxh3 Qd6 18. Kh1 Kg7 19. Rg1 Qb4 20. Rab1 Red8 21. Nxd5 Qd2 22. Rbd1 Qxb2 23. Rb1 Qa3 24. Rxb7 Qxd3 25. Qg2 Qc4 26. Nb4 Rb8 27. h4 h5 28. f5 Rxb7 29. Qxb7 Qc8 30. Qf3 Qd7 31.
Qxh5 Qb7+ 32. f3 Qxb4 33. fxg6 Nxg6 34. Qf5 Rh8 35. h5 Rxh5+ 36. Qxh5 Qb7 37. Qg4 Qe7 38. e4 Qe6 39. Qxe6 fxe6 40. d5 Kf7 41. dxe6+ Kxe6 42. Rxg6 Ke5 43. Rg7 Kd4 44. Rg8 Ke3 45. Rf8 Kf4 46. Re8 Kxf3 47. Rd8 Kxe4 48. Rc8 Kf4 49. Rb8 Kf5 50.
Ra8 Kg5 51. Rb8 Kf5 0-1

[Event "Live Chess"]
[Site "Chess.com"]
[Date "2023.05.21"]
[Round "-"]
[White "chrisbradgate"]
[Black "BritishIsles"]
[Result "0-1"]
[WhiteElo "874"]
[BlackElo "2415"]
[TimeControl "300"]
[EndTime "3:47:36 PDT"]
[Termination "BritishIsles won by checkmate"]

1. d4 Nf6 2. Bf4 c5 3. c3 cxd4 4. cxd4 d5 5. Nf3 Nc6 6. e3 a6 7.
Be2 Bg4 8. h3 Bxf3 9. Bxf3 e6 10. O-O Bd6 11. Bxd6 Qxd6 12. b3 O-O 13. Nc3 b5 14.
Rc1 Rac8 15. Qd2 Rc7 16. Rc2 Nb4 17. Rb2 Rfc8 18. Rc1 e5 19. a3 exd4 20. exd4 Nc6 21.
Ra2 h6 22. Qd3 Qf4 23. Raa1 Nxd4 24. Ne2 Nxe2+ 25. Bxe2 Rxc1+ 26. Rxc1 Rxc1+ 27. Bf1 Ne4 28. Qxe4 Rxf1+ 29. Kxf1 Qxe4 30. Kg1 Qb1+ 31. Kh2 Qxb3 32. Kg1 Qxa3 33. Kh2 Qc1 34. Kg3 d4 35. Kh2 d3 36. g4 Qf4+ 37. Kg2 d2 38. g5 d1=Q 39. f3 Qdxf3+ 40. Kg1 Q4g3# 0-1

[Event "Live Chess"]
[Site "Chess.com"]
[Date "2023.05.21"]
[Round "-"]
[White "Ferrarifan27"]
[Black "LL220284LL"]
[Result "0-1"]
[WhiteElo "2082"]
[BlackElo "2327"]
[TimeControl "300"]
[EndTime "3:47:54 PDT"]
[Termination "LL220284LL won by resignation"]

1. e4 c6 2. d4 d6 3. Nf3 g6 4. Be3 Bg7 5. Nc3 Nf6 6. Bc4 Bg4 7.
h3 Bxf3 8. Qxf3 Nbd7 9. O-O e5 10. Bb3 O-O 11. Rad1 Qe7 12. dxe5 dxe5 13. Rd2 Nc5 14. Rfd1 Nxb3 15. axb3 b6 16. Bg5 h6 17. Bh4 Rad8 18. Rd3 Rxd3 19. Qxd3 g5 20. Bg3 Nh5 21. Bh2 Nf4 22.
Bxf4 exf4 23. Qd6 Re8 24. Qxc6 Bxc3 25. bxc3 Qxe4 26. Qxe4 Rxe4 27. Rd7 Re1+ 28. Kh2 Re2 29. Rxa7 Rxf2 30. Kg1 Rxc2 31. Rb7 Rxc3 32. Rxb6 Kg7 33. b4 Rb3 34. b5 h5 35. Rb8 g4 36. hxg4 hxg4 37. b6 g3 38. Kf1 Rb1+ 39. Ke2 Rg1 40. Kf3 Rf1+ 41. Kg4 f5+ 42. Kxf5 f3 43. b7 fxg2+ 44.
Kg5 g1=Q 45. Rg8+ Kxg8 46. b8=Q+ Rf8 47. Qb3+ Rf7 48. Kg6 Qf2 49. Qb8+ Rf8 50. Qb3+ Qf7+ 51. Qxf7+ Rxf7 0-1

[Event "Live Chess"]
[Site "Chess.com"]
[Date "2023.05.21"]
[Round "-"]
[White "LiamClery2020"]
[Black "Singapourfeuj"]
[Result "0-1"]
[WhiteElo "2002"]
[BlackElo "2187"]
[TimeControl "300"]
[EndTime "3:47:59 PDT"]
[Termination "Singapourfeuj won by resignation"]

1. e4 c5 2. Nf3 d6 3. Bb5+ Bd7 4. Bxd7+ Qxd7 5. O-O g6 6. Re1 Bg7 7. c3 Nf6 8. d4 cxd4 9. cxd4 d5 10. e5 Ne4 11.
Nc3 Nxc3 12. bxc3 O-O 13. Qb3 Nc6 14. Bg5 h6 15. Bh4 e6 16. Rab1 b6 17. Red1 Rfc8 18. Bg3 Na5 19. Qb4 Bf8 20. Qb2 Rc4 21. Nd2 Rc6 22. Rdc1 Rac8 23. f3 Nc4 24. Nxc4 Rxc4 25. Be1 Qc6 26. Bd2 Kg7 27. Rc2 Rxd4 28. cxd4 Qxc2 29.
Qxc2 Rxc2 30. Bb4 Bxb4 31. Rxb4 Rxa2 0-1

[Event "Live Chess"]
[Site "Chess.com"]
[Date "2023.05.21"]
[Round "-"]
[White "Ian-Morley"]
[Black "diana21strabt"]
[Result "0-1"]
[WhiteElo "1051"]
[BlackElo "1747"]
[TimeControl "300"]
[EndTime "3:48:12 PDT"]
[Termination "diana21strabt won by resignation"]

1. e4 d5 2. exd5 Qxd5 3. Nc3 Qa5 4. Qe2 Nf6 5. Qb5+ Qxb5 6. Nxb5 Na6 7. Nd4 e5 8. Bxa6 exd4 9. Bd3 Be6 10. Nf3 c5 11.
O-O Bd6 12. b3 O-O 13. a4 a6 14. Rb1 Bd5 15. Re1 Bxf3 16. gxf3 Rfe8 17. Bb2 h6 18.
Rxe8+ Rxe8 19. Be4 Nxe4 20. fxe4 Rxe4 21. d3 Rg4+ 22. Kf1 Bxh2 23. Ke2 Rf4 24. Kf1 Rh4 25. Kg2 Be5 26. c3 dxc3 27. Bxc3 Bxc3 28. Rc1 Bd4 29. b4 Rf4 30. bxc5 Rxf2+ 31. Kg3 Ra2 32. c6 bxc6 33. Rxc6 Rxa4 34. Kf4 Bf6+ 0-1